 Dungeon Crawl Stone Soup version 0.22-a0-247-gbddf880757 (webtiles) character file.

102 Peterchen the Ruffian (level 4, 0/44 HPs)
             Began as a Troll Monk on Feb 23, 2018.
             Slain by Natasha (10 damage)
             ... on level 3 of the Dungeon.
             The game lasted 00:04:17 (1458 turns).

Peterchen the Ruffian (Troll Monk)                  Turns: 1458, Time: 00:04:17

Health: 0/44       AC:  5    Str: 19    XL:     4   Next: 50%
Magic:  3/3        EV: 10    Int:  7    God:
Gold:   85         SH:  0    Dex: 12    Spells: 3/3 levels left

rFire    . . .     SeeInvis .     - Unarmed
rCold    . . .     Gourm    +   (no shield)
rNeg     . . .     Faith    .   a - +0 robe
rPois    .         Spirit   .   (helmet restricted)
rElec    .         Reflect  .   (no cloak)
rCorr    .         Harm     .   (gloves unavailable)
MR       .....     Rnd*Tele +   (boots unavailable)
Stlth    ++........             (no amulet)
HPRegen  0.54/turn              f - ring of teleportation (curse)
MPRegen  0.08/turn              (no ring)

@: no status effects
A: large, unfitting armour, claws 3, fast metabolism 3, gourmand, regeneration
1, shaggy fur 1, tough skin 2
a: no special abilities


You were on level 3 of the Dungeon.
You were completely stuffed.

You visited 1 branch of the dungeon, and saw 3 of its levels.

You collected 85 gold pieces.

Inventory:

Armour
 a - a +0 robe (worn)
Jewellery
 f - a cursed ring of teleportation (left claw)
Scrolls
 c - 2 scrolls of identify {unknown}
 e - 2 scrolls of remove curse {unknown}
 h - a scroll of immolation {unknown}
 j - a scroll of fog {unknown}
Potions
 d - a potion of cancellation {unknown}
 g - 2 potions of curing {unknown}
Comestibles
 b - 4 rations
 i - 2 chunks of flesh


   Skills:
 - Level 2.4 Fighting
 - Level 2.4 Dodging
 - Level 1.0 Stealth
 * Level 5.3 Unarmed Combat


You had 3 spell levels left.
You didn't know any spells.

Dungeon Overview and Level Annotations

Branches:
Dungeon (3/15)

Altars:
Dithmenos

Annotations:
D:3 Natasha


Innate Abilities, Weirdness & Mutations

You are too large for most types of armour.
You have claws for hands.
Your metabolism is lightning-fast.
You like to eat raw meat.
Your natural rate of healing is unusually fast.
You are covered in fur. (AC +1)
You have very tough skin. (AC +2)


Message History

You kill the rat!
Something claws you!
No target in view!
No target in view!
No target in view!
You miss something. Something claws you but does no damage.
You miss something. Something claws you.
You miss something. Something claws you but does no damage.
You miss something. Something claws you but does no damage.
You barely miss something. Something claws you but does no damage.
You claw something!
You hear some strange, mumbled words.
You closely miss something. Something claws you but does no damage.
You scratch something. You miss something. Something claws you.
The shadow imp gestures at you. Pain shoots through your body!
* * * LOW HITPOINT WARNING * * *
You miss something. Something claws you!
You die...

.. .# # .# .#
#####.##.##
##...#.....#
##.........(##
#.....5†.....#
#....{@†......
#.............
##............
##?..##...#..
##### #### #
###### #...<#
####.#


You could see a shadow imp.

Vanquished Creatures
  An orc priest (D:2)
  An adder (D:2)
  An ooze (D:2)
  A worm (D:2)
  A dart slug (D:1)
  A leopard gecko (D:2)
  4 orcs (D:2)
  2 ball pythons (D:2)
  A giant cockroach (D:1)
  3 goblins
  11 hobgoblins
  6 kobolds (D:2)
  8 bats
  A frilled lizard (D:2)
  8 rats
50 creatures vanquished.

Notes
Turn   | Place    | Note
-------+----------+-------------------------------------------
     0 | D:1      | Peterchen the Troll Monk began the quest for the Orb.
     0 | D:1      | Reached XP level 1. HP: 22/22 MP: 0/0
   313 | D:1      | Reached XP level 2. HP: 25/29 MP: 1/1
   916 | D:2      | Found a shadowy altar of Dithmenos.
   924 | D:2      | Reached skill level 4 in Unarmed Combat
   997 | D:2      | Reached XP level 3. HP: 36/36 MP: 2/2
  1060 | D:2      | Reached XP level 4. HP: 43/44 MP: 3/3
  1081 | D:2      | Reached skill level 5 in Unarmed Combat
  1436 | D:3      | Noticed Natasha
  1458 | D:3      | Slain by Natasha

Vault maps used:
D:1:      minmay_arrival_radiant_lines, serial_co_window_serial,
          co_window_corner_a, co_window_of_opportunity_a, co_window_paths_a,
          co_window_paths_b, co_window_paths_b, co_window_unsneaky_path_d,
          co_window_broadway_c, co_window_unsneaky_path_b, co_window_corner_b,
          co_window_unsneaky_path_c, glass_columns_b, glass_columns_b,
          glass_columns_a
D:2:      grunt_dithmenos_smoke_and_mirrors
D:3:      kennysheep_the_goblin_king, vehumet_crystals, minmay_quantized,
          uniq_natasha

Skill      XL: |  1  2  3  4 |
---------------+-------------+-----
Unarmed Combat | 4 5 |  5.3
Fighting       | |  2.4
Dodging        | |  2.4
Stealth        | |  1.0

Action                   |  1- 3 |  4- 6 || total
-------------------------+-------+-------++-------
Melee: Unarmed           |    91 |    51 ||   142
       Punch             |     1 |       ||     1
 Stab: Sleeping          |     1 |     2 ||     3
  Eat: Chunk             |    10 |     9 ||    19
Armor: Robe              |    62 |    15 ||    77
Dodge: Dodged            |    55 |    19 ||    74

Table legend:
 A = Spawn XP
 B = Non-spawn XP
 C = Spawn XP percentage of total XP
 D = Spawn monster count
 E = Non-spawn monster count
 F = Spawn count percentage of total count
 G = Total turns spent on level
                    A         B        C        D         E        F      G
               +---------+---------+-------+---------+---------+-------+---------
         Total |       0 |     147 |   0.0 |       0 |      50 |   0.0 |  1458
               +---------+---------+-------+---------+---------+-------+---------
           D:1 |       0 |      25 |   0.0 |       0 |      14 |   0.0 |   840
           D:2 |       0 |     115 |   0.0 |       0 |      32 |   0.0 |   576
           D:3 |       0 |       7 |   0.0 |       0 |       4 |   0.0 |    42
               +---------+---------+-------+---------+---------+-------+---------
